 Dungeon Crawl Stone Soup version 0.30.1-3-gfc49f6343a (webtiles) character file.

Game seed: 10386324261275834487

1416 shmup the Arsonist (level 8, 0/41 HPs)
             Began as a Tengu Fire Elementalist on July 25, 2023.
             Was a Follower of Qazlal.
             Killed from afar by an orc wizard (6 damage)
             ... with a puff of flame
             ... on level 6 of the Dungeon.
             The game lasted 00:18:07 (7393 turns).

shmup the Arsonist (Tengu Fire Elementalist)        Turns: 7393, Time: 00:18:08

Health: 0/41       AC:  4    Str:  8    XL:     8   Next: 71%
Magic:  9/12       EV: 14    Int: 24    God:    Qazlal [*.....]
Gold:   112        SH:  1    Dex: 15    Spells: 5/11 levels left

rFire   . . .        b - +0 short sword (drain)
rCold   . . .        (no shield)
rNeg    . . .        t - +0 robe
rPois   .            (helmet restricted)
rElec   .            C - +0 cloak
rCorr   .            B - +0 pair of gloves
SInv    .            (boots unavailable)
Will    .....        (no amulet)
Stlth   ++           i - +6 ring of intelligence
HPRegen 0.26/turn    u - ring of wizardry
MPRegen 0.13/turn

%: wizardry (x1)
@: flying quickly and evasively, quick
A: beak, talons 3, nimble flight
a: Renounce Religion


You were on level 6 of the Dungeon.
You worshipped Qazlal.
Qazlal was aware of your devotion.
You visited 2 branches of the dungeon, and saw 7 of its levels.

You collected 342 gold pieces.
You spent 230 gold pieces at shops.

Inventory:

Hand Weapons
 a - the +1 whip of the Sugar Beet {antimagic, rPois}
   (You bought it in a shop on level 1 of the Dungeon)

   rPois:     It protects you from poison.
 b - a +0 short sword of draining (weapon)
 D - a +2 quarterstaff of chaos
Missiles
 d - 15 stones (quivered)
 f - 4 boomerangs
 z - 2 poisoned darts
Armour
 t - a +0 robe (worn)
 B - a +0 pair of gloves (worn)
 C - a +0 cloak (worn)
Jewellery
 i - a +6 ring of intelligence (left hand)
 n - a ring of poison resistance
 u - a ring of wizardry (right hand)
 H - a ring of protection from fire
Wands
 A - a wand of paralysis (5)
Scrolls
 e - 2 scrolls of teleportation
 g - a scroll of amnesia {unknown}
 j - a scroll of brand weapon {unknown}
 k - a scroll of immolation
 m - a scroll of noise
 q - a scroll of enchant weapon {unknown}
 w - 3 scrolls of magic mapping
 x - a scroll of enchant armour {unknown}
 y - 2 scrolls of blinking
 F - a scroll of fear {unknown}
Potions
 c - a potion of might
 h - 2 potions of heal wounds
 l - a potion of magic
 o - a potion of flight {unknown}
 p - a potion of haste {unknown}
 r - 4 potions of curing
 s - 2 potions of attraction
 v - 3 potions of degeneration
 E - a potion of lignification {unknown}
 G - a potion of mutation {unknown}


   Skills:
 - Level 2.1 Dodging
 - Level 2.0 Stealth
 - Level 2.0 Spellcasting
 * Level 8.4 Conjurations
 + Level 2.7 Hexes
 * Level 8.6 Fire Magic


You had 5 spell levels left.
You knew the following spells:

 Your Spells              Type           Power      Damage    Failure   Level
a - Foxfire               Conj/Fire      100%       2x1d9     1%          1
b - Scorch                Fire           86%        2d8       1%          2
c - Inner Flame           Hex/Fire       29%        N/A       1%          3

Your spell library contained the following spells:

 Spells                   Type           Power      Damage    Failure   Level
 Flame Wave               Conj/Fire      43%        2d11      1%          4
 Volatile Blastmotes      Fire/Tloc      46%        2d13      2%          3
 Sting                    Tmut/Pois      8%         1d3       4%          1
 Poisonous Vapours        Pois/Air       4%         N/A       8%          2
 Olgreb's Toxic Radiance  Pois           2%         N/A       41%         4


Dungeon Overview and Level Annotations

Branches:
Dungeon (6/15)             Temple (1/1) D:4

Altars:
Ashenzari
Cheibriados
Dithmenos
Elyvilon
Fedhas
Gozag
Hepliaklqana
Kikubaaqudgha
Makhleb
Nemelex Xobeh
Okawaru
Qazlal
Ru
Sif Muna
Trog
Uskayaw
Vehumet
Wu Jian
Xom
Yredelemnul
Zin
The Shining One

Shops:
D:1 ((!:[


Innate Abilities, Weirdness & Mutations

You have a beak for a mouth.
You have claws for feet.
Your magical nature lets you fly swiftly and evasively.


Message History

You closely miss something. Your kick misses something.
Your peck misses something. Something hits you.
You hit something but do no damage. You claw something.
You hear some strange, mumbled words.
You are confused.
Something hits you. Something hits you but does no damage.
You bump into the rock wall.
Something hits you.
You bump into the rock wall.
You hear some strange, mumbled words.
A puff of flame appears from out of thin air!
The puff of flame hits you!
* * * LOW HITPOINT WARNING * * *
You barely miss something. Your kick misses something.
Your peck misses something. Something hits you.
* * * LOW HITPOINT WARNING * * *
You bump into the rock wall.
You feel less confused. Something hits you but does no damage.
You miss something. Your kick misses something. Your punch misses something.
Something hits you.
* * * LOW HITPOINT WARNING * * *
You barely miss something. Something hits you.
* * * LOW HITPOINT WARNING * * *
You miss something. Your peck misses something.
Something hits you but does no damage.
You closely miss something. You claw something. Your peck misses something.
Something hits you but does no damage.
You closely miss something. Your peck misses something.
You hear some strange, mumbled words.
A puff of flame appears from out of thin air!
The puff of flame hits you!
* * * LOW HITPOINT WARNING * * *
You miss something. Your kick misses something. Something barely misses you.
Unknown command.
You barely miss something. Your kick misses something.
You hear some strange, mumbled words.
A puff of flame appears from out of thin air!
The puff of flame hits you.
You die...

▒........▒.▒.▒ ▒.......▒▒▒▒
▒▒.......▒.▒.▒▒▒▒ ▒...........
▒.▒▒▒...▒.▒....▒▒▒▒▒...........
▒.▒ ▒...▒.▒▒.......▒...........
▒.▒▒▒▒▒.▒.▒........▒...........
▒.......▒.▒........▒▒▒▒▒▒▒.....
▒▒▒▒▒▒▒▒▒.▒........▒ ▒▒▒▒▒▒
▒.........▒...{....▒
▒.▒▒▒▒▒▒▒▒▒...Q....▒ ▒.▒
▒)▒▒▒▒▒▒▒▒ ▒.▒▒▒▒▒▒▒▒▒)▒▒▒▒▒ ▒
▒......[........▒ ▒
▒▒...▒.).▒...▒▒.▒ ▒
▒▒▒▒.▒.▒.▒<....▒▒.▒ ▒
.....▒.▒.▒.....▒▒.▒ ▒
.▒▒▒▒▒.▒.▒.....▒▒.▒ ▒▒▒▒▒▒▒▒▒▒▒
.▒▒▒▒▒.▒.....▒..▒.▒ ▒.........▒


There were no monsters in sight!

Vanquished Creatures
  Prince Ribbit (D:6)
  Sigmund (D:6)
  A sky beast (D:6)
  A phantom (D:5)
  A scorpion (D:4)
  3 howler monkeys
  A jelly (D:5)
  Crazy Yiuf (D:2)
  An orc priest (D:6)
  7 hounds
  A gnoll bouda (D:5)
  3 iguanas
  2 orc wizards
  Natasha (thrice) (D:2)
  A mummy (D:6)
  7 adders
  4 gnolls (D:5)
  4 worms
  2 dart slugs (D:2)
  10 orcs
  4 endoplasms
  4 giant cockroaches
  8 goblins
  3 hobgoblins
  4 jackals (D:1)
  3 quokkas
  8 ball pythons
  4 bats
  2 frilled lizards
  9 kobolds
  9 rats
113 creatures vanquished.

Vanquished Creatures (others)
  147 foxfires
147 creatures vanquished.

Grand Total: 260 creatures vanquished

Notes
Turn   | Place    | Note
-------+----------+-------------------------------------------
     0 | D:1      | shmup the Tengu Fire Elementalist began the quest for the
                  | Orb.
     0 | D:1      | Reached XP level 1. HP: 10/10 MP: 4/4
    47 | D:1      | Found Fumil's Distillery.
   210 | D:1      | Reached XP level 2. HP: 15/15 MP: 3/6
   276 | D:1      | Found Xiusaj's Book Boutique.
   445 | D:1      | Found Emniewk's Armour Shop.
   541 | D:1      | Found Nyum's Antique Weapon Boutique.
   765 | D:1      | Learned a level 2 spell: Scorch
   767 | D:1      | Reached XP level 3. HP: 19/19 MP: 4/7
  1220 | D:2      | Reached XP level 4. HP: 24/24 MP: 4/8
  1561 | D:2      | Noticed Natasha
  1574 | D:2      | Killed Natasha
  1575 | D:2      | Reached skill level 5 in Fire Magic
  1825 | D:2      | Noticed Natasha
  1921 | D:2      | Killed Natasha
  1922 | D:2      | Gained mutation: Your magical nature lets you fly swiftly
                  | and evasively. [Tengu growth]
  1922 | D:2      | Reached XP level 5. HP: 15/28 MP: 1/9
  2085 | D:2      | Noticed Natasha
  2093 | D:2      | Killed Natasha
  2186 | D:2      | Found a runed translucent door.
  2187 | D:2      | Noticed Crazy Yiuf
  2642 | D:3      | Learned a level 3 spell: Inner Flame
  2751 | D:3      | Found a hazy altar of Hepliaklqana.
  3136 | D:4      | Found a basalt altar of Yredelemnul.
  3165 | D:4      | Reached XP level 6. HP: 32/32 MP: 5/10
  3564 | D:4      | Found a staircase to the Ecumenical Temple.
  3639 | Temple   | Entered the Ecumenical Temple
  3863 | Temple   | Became a worshipper of Qazlal Stormbringer
  3928 | D:4      | Reached skill level 5 in Conjurations
  4229 | D:4      | Found a white marble altar of Elyvilon.
  4438 | D:1      | Bought a potion of heal wounds for 65 gold pieces
  4453 | D:1      | Bought a dazzling whip for 165 gold pieces
  4453 | D:1      | Identified the +1 whip of the Sugar Beet {antimagic, rPois}
                  | (You bought it in a shop on level 1 of the Dungeon)
  4661 | D:2      | Killed Crazy Yiuf
  4918 | D:5      | Entered Level 5 of the Dungeon
  5037 | D:5      | Reached skill level 1 in Hexes
  5037 | D:5      | Reached XP level 7. HP: 36/36 MP: 5/11
  6317 | D:6      | Reached XP level 8. HP: 41/41 MP: 4/12
  6707 | D:6      | Noticed Sigmund
  6707 | D:6      | Noticed Prince Ribbit
  6711 | D:6      | Killed Sigmund
  6715 | D:6      | Killed Prince Ribbit
  7006 | D:6      | Reached * piety under Qazlal
  7393 | D:6      | Killed from afar by an orc wizard

Illustrated notes

Levels and vault maps discovered:
D:1:      wander_arrival_lonely_grave, layout_loops_ring, serial_shops,
          nicolae_shop_statue_plus, shop, nicolae_shop_trees, shop,
          nicolae_shop_temple_entry_statues_fountains
D:2:      layout_loops_ring, minmay_tetromino_l4, uniq_crazy_yiuf_cottage,
          uniq_natasha
D:3:      layout_rooms, nzn_hepliaklqana_mist_gate
D:4:      layout_basic, kennysheep_ying_yang, temple_green, serial_aquarium,
          aquarium_bridge_straight [aquarium_subvault_bridge,
          aquarium_subvault_window, aquarium_subvault_bridge,
          aquarium_subvault_wall], aquarium_window_2, aquarium_window_corner,
          aquarium_view_2d
D:5:      layout_basic
D:6:      layout_basic, gup_ossuary_entry_pyramid, serial_bayou_pond_c,
          uniq_prince_ribbit1, uniq_sigmund
Temple:   compressed_dpeg_triangle_lava_temple

Skill      XL: |  1  2  3  4  5  6  7  8 |
---------------+-------------------------+-----
Conjurations   | 2 3 4 5 7 8 |  8.4
Fire Magic     | 4 5 6 7 8 |  8.6
Hexes          | 1 2 |  2.7
Dodging        | |  2.1
Stealth        | |  2.0
Spellcasting   | |  2.0

Action                     |  1- 3 |  4- 6 |  7- 9 || total
---------------------------+-------+-------+-------++-------
  Melee: Unarmed           |     2 |       |       ||     2
         Short sword       |     7 |    16 |    53 ||    76
         Kick              |     2 |     2 |    11 ||    15
         Punch             |     1 |       |       ||     1
         Peck              |       |     3 |     6 ||     9
         Whip              |       |       |     5 ||     5
   Cast: Foxfire           |    39 |    32 |    19 ||    90
         Scorch            |     7 |    38 |    44 ||    89
         Inner Flame       |       |       |     4 ||     4
    Use: Scroll            |       |     7 |     3 ||    10
 Armour: Robe              |    11 |     4 |    26 ||    41
  Dodge: Dodged            |    17 |    13 |    50 ||    80
  Block: Other             |       |       |     1 ||     1
